 Dungeon Crawl Stone Soup version 0.19.5 (webtiles) character file.

65 Kullinuha the Skirmisher (level 4, -1/41 HPs)
             Began as a Hill Orc Abyssal Knight on Apr 29, 2017.
             Was a Believer of Lugonu.
             Killed by nerve-wracking pain
             ... invoked by Grinder
              (9 damage)
             ... on level 3 of the Dungeon.
             The game lasted 00:22:53 (2828 turns).

Kullinuha the Skirmisher (Hill Orc Abyssal Knight)  Turns: 2828, Time: 00:22:54

Health: -1/41      AC:  5    Str: 15    XL:     4   Next: 14%
Magic:  6/6        EV: 11    Int: 12    God:    Lugonu [**....]
Gold:   130        SH:  0    Dex: 10    Spells: 0 memorised, 3 levels left

rFire  . . .     SeeInvis .     a - +1 hand axe
rCold  . . .     Gourm    .     n - +1 leather armour
rNeg   . . .     Faith    .     (no shield)
rPois  .         Spirit   .     (no helmet)
rElec  .         Reflect  .     (no cloak)
rCorr  .         Harm     .     (no gloves)
MR     .....                    i - +0 pair of boots
Stlth  +.........               (no amulet)
                                (no ring)
                                (no ring)

@: no status effects
A: no striking features
a: Depart the Abyss, Bend Space, Renounce Religion


You were on level 3 of the Dungeon.
You worshipped Lugonu.
Lugonu was pleased with you.
You were not hungry.

You visited 1 branch of the dungeon, and saw 3 of its levels.
You visited the Abyss 1 time.

You collected 130 gold pieces.

Inventory:

Hand Weapons
 a - a +1 hand axe (weapon)
 j - a +0 mace
 k - a +1 dagger of draining
Missiles
 e - 70 stones (quivered)
 g - 7 javelins
Armour
 i - a +0 pair of boots (worn)
 n - a +1 leather armour (worn)
Potions
 b - a potion of heal wounds {unknown}
 c - a potion of invisibility {unknown}
 d - 3 potions of agility
 f - a potion of curing {unknown}
 l - a potion of berserk rage {unknown}
Comestibles
 h - a meat ration


   Skills:
 + Level 4.3 Fighting
 + Level 4.0(4.1) Axes
 + Level 0.7(2.1) Maces & Flails
 * Level 2.6 Armour
 - Level 0.8 Dodging
 * Level 2.9 Invocations


You had 3 spell levels left.
You didn't know any spells.

Dungeon Overview and Level Annotations

Branches:
Dungeon (3/15)

Altars:
Ashenzari

Annotations:
D:3 Grinder; VanClaymore's ghost, amateur MfGl


Message History

Pain shoots through your body!
You barely miss Grinder.
Grinder is moderately wounded.
Grinder hits you!
You writhe in agony.
* * * LOW HITPOINT WARNING * * *
You closely miss Grinder.
Grinder is moderately wounded.
Grinder gestures at you. Pain shoots through your body!
* * * LOW HITPOINT WARNING * * *
Grinder blinks!
You barely miss Grinder.
Grinder is moderately wounded.
Grinder hits you but does no damage.
You hit Grinder.
Grinder is heavily wounded.
Grinder blinks!
Grinder gestures at you. Pain shoots through your body!
You die...

########.########.#
#.# #.# #.# #.# #.#
#.# #.##### #...@.#
#.....+ #.5...#
#######


You could see Grinder.

Vanquished Creatures
  An adder (D:2)
  An ooze (D:1)
  A worm (D:2)
  3 leopard geckos (D:3)
  5 giant cockroaches
  7 goblins
  4 hobgoblins (D:1)
  4 kobolds
  3 quokkas
  4 bats
  2 frilled lizards (D:2)
  9 rats
44 creatures vanquished.

Notes
Turn   | Place    | Note
-------+----------+-------------------------------------------
     0 | Abyss:1  | Kullinuha the Hill Orc Abyssal Knight began the quest for the Orb.
     0 | Abyss:1  | Reached XP level 1. HP: 19/19 MP: 2/2
    41 | Abyss:1  | Noticed a small abomination
    51 | Abyss:1  | Noticed an orc sorcerer
    51 | Abyss:1  | Paralysed by an orc sorcerer for 2 turns
    62 | D:1      | Escaped the Abyss
   238 | D:1      | Reached XP level 2. HP: 18/27 MP: 3/3
  1181 | D:2      | Found a shattered altar of Ashenzari.
  1319 | D:2      | Reached XP level 3. HP: 34/34 MP: 4/4
  2267 | D:3      | Reached ** piety under Lugonu
  2284 | D:3      | Noticed VanClaymore's ghost (amateur MfGl)
  2542 | D:3      | Reached XP level 4. HP: 41/41 MP: 6/6
  2811 | D:3      | Noticed Grinder
  2828 | D:3      | Killed from afar by Grinder

Skill      XL: |  1  2  3  4 |
---------------+-------------+-----
Fighting       | 4 |  4.3
Axes           | 3 4 |  4.0
Maces & Flails | |  0.7
Armour         | |  2.6
Dodging        | |  0.8
Invocations    | |  2.9

Action                   |  1- 3 |  4- 6 || total
-------------------------+-------+-------++-------
Melee: Hand axe          |    68 |    35 ||   103
       Mace              |    44 |       ||    44
Throw: Tomahawk          |    12 |       ||    12
       Stone             |     7 |     1 ||     8
  Use: Scroll            |     3 |       ||     3
  Eat: Bread ration      |     1 |       ||     1
       Fruit             |     4 |       ||     4
Armor: Leather armour    |    31 |    10 ||    41
Dodge: Dodged            |    57 |    18 ||    75
